Map: Frost LE

Players

Fropez - Winner!

  • Race: Protoss Protoss
  • League: Silver
  • Spawn Location: 11:00

Ong

  • Race: Terran Terran
  • League: Silver
  • Spawn Location: 5:00

VOD

Have the link to the VOD?

Description

Time

  • Played on: June 2, 2016, 11:38 a.m.
  • Length: 10:42
Show
View Real Time Build Order
Export as new Build Order

Fropez Protoss - Winner!

Build Orders:  

Get SALT Encoding   

  12  0:01  Probe (Chrono Boost)  
  13  0:14  Pylon  
  13  0:17  Probe (Chrono Boost)  
  14  0:27  Probe (Chrono Boost)  
  15  0:35  Gateway  
  15  0:39  Probe (Chrono Boost)  
  16  0:48  Assimilator  
  16  0:49  Probe (Chrono Boost)  
  17  1:00  Probe (Chrono Boost)  
  18  1:10  Probe (Chrono Boost)  
  19  1:21  Probe (Chrono Boost), Assimilator  
  20  1:31  Cybernetics Core  
  20  1:33  Probe (Chrono Boost)  
  20  1:34  Pylon  
  21  1:44  Probe (Chrono Boost)  
  22  1:54  Pylon, Probe (Chrono Boost)  
  23  2:05  Probe (Chrono Boost)  
  23  2:07  Stalker  
  26  2:12  Warp Gate (Chrono Boost)  
  28  2:16  Mothership Core (Chrono Boost)  
  28  2:29  Pylon  
  28  2:34  Probe (Chrono Boost)  
  29  2:44  Probe (Chrono Boost)  
  30  2:58  Probe (Chrono Boost)  
  31  2:59  Stalker  
  33  3:08  Gateway  
  33  3:09  Probe  
  33  3:11  Gateway  
  34  3:21  Probe  
  35  3:29  Stalker  
  35  3:32  Pylon  
  35  3:33  Probe  
  38  3:40  Forge  
  38  3:45  Pylon, Probe  
  39  3:54  Robotics Facility  
  39  3:58  Probe (Chrono Boost)  
  40  4:08  Stalker x2  
  40  4:09  Probe (Chrono Boost)  
  45  4:13  Protoss Ground Weapons Level 1 (Chrono Boost)  
  45  4:19  Probe (Chrono Boost)  
  46  4:30  Probe (Chrono Boost)  
  47  4:47  Photon Cannon  
  47  4:54  Observer  
  47  4:55  Probe (Chrono Boost)  
  49  5:02  Pylon  
  49  5:04  Stalker x3  
  55  5:14  Probe  
  56  5:26  Probe  
  57  5:38  Probe  
  57  5:41  Stalker  
  60  5:44  Stalker  
  62  5:50  Probe  
  63  6:03  Probe  
  64  6:04  Stalker x2  
  64  6:05  Nexus, Pylon  
  64  6:06  Observer  
  69  6:15  Probe  
  70  6:20  Pylon  
  70  6:26  Protoss Ground Armor Level 1 (Chrono Boost)  
  70  6:27  Probe  
  71  6:36  Pylon  
  71  6:39  Pylon  
  71  6:51  Twilight Council  
  71  6:52  Pylon, Stalker x2  
  75  6:56  Probe  
  76  7:05  Warp Prism (Chrono Boost)  
  78  7:13  Blink (Chrono Boost)  
  79  7:16  Probe  
  79  7:31  Probe  
  80  7:38  Probe  
  81  7:51  Probe  
  82  7:53  Probe  
  82  7:56  Stalker x3  
  82  7:58  Observer  
  87  8:16  Probe x2  
  87  8:26  Stalker  
  89  8:28  Probe x2  
  91  8:40  Probe  
  70  9:37  Probe  
  65  9:43  Gateway  
  62  9:45  Gateway  
  62  9:48  Gateway  
  62  9:51  Gateway  
  62  9:53  Dark Shrine  
  62  9:54  Pylon  
  62  10:01  Assimilator  
  62  10:06  Assimilator  
Show
View Real Time Build Order
Export as new Build Order

Ong Terran 

Build Orders: MMM Bio 

Get SALT Encoding   

  12  0:01  SCV  
  13  0:13  SCV  
  14  0:17  Supply Depot  
  14  0:25  SCV  
  15  0:39  SCV  
  15  0:41  Barracks  
  16  0:52  Barracks  
  16  0:55  SCV  
  17  1:07  SCV  
  17  1:10  Barracks  
  18  1:20  SCV  
  19  1:28  Marine  
  19  1:30  Supply Depot  
  20  1:34  Orbital Command  
  20  1:42  Refinery  
  20  1:43  Marine  
  21  1:49  Marine  
  22  1:59  Refinery  
  22  2:00  Marine  
  23  2:01  SCV  
  23  2:07  Marine x2  
  26  2:13  Supply Depot  
  26  2:14  SCV  
  27  2:17  Marine  
  28  2:27  SCV  
  29  2:34  Marine  
  30  2:38  Barracks Reactor  
  30  2:41  SCV  
  31  2:51  Command Center  
  31  2:56  Barracks Tech Lab  
  31  2:59  Barracks Reactor, SCV  
  32  3:12  SCV  
  33  3:22  Marine x2  
  33  3:25  Stimpack, Marine  
  37  3:27  SCV  
  37  3:35  Supply Depot  
  37  3:36  Marine x2  
  39  3:51  Factory  
  39  4:05  Orbital Command  
  39  4:06  SCV  
  39  4:08  Supply Depot  
  40  4:10  Marine  
  40  4:11  Marine  
  40  4:12  Marine x2, Marauder  
  46  4:18  SCV  
  47  4:31  Marine  
  47  4:32  Marine x3, Orbital Command  
  47  4:36  Factory Reactor, Starport  
  50  4:49  Marauder  
  50  4:50  SCV  
  53  4:55  Marine x4  
  57  5:02  SCV  
  57  5:05  SCV  
  59  5:15  Engineering Bay  
  59  5:17  Engineering Bay  
  59  5:20  Marine x4  
  63  5:21  Marauder  
  63  5:25  SCV x2  
  67  5:36  Medivac  
  67  5:41  Supply Depot  
  70  5:46  Terran Infantry Weapons Level 1  
  70  5:47  Terran Infantry Armor Level 1  
  69  5:51  Factory Tech Lab  
  69  5:57  SCV, Supply Depot  
  69  6:02  Marine x3, SCV, Medivac  
  69  6:03  Marine  
  77  6:15  SCV  
  81  6:18  SCV, Marauder  
  81  6:24  Marine  
  81  6:25  Marine x3  
  84  6:26  Missile Turret  
  85  6:38  Supply Depot  
  85  6:40  SCV, Supply Depot  
  86  6:48  Combat Shields  
  86  6:58  Supply Depot  
  86  6:59  Marine x3, SCV, Supply Depot, Medivac x2  
  94  7:01  Marine, SCV, Siege Tank  
  94  7:03  Supply Depot  
  99  7:14  Barracks  
  99  7:15  SCV x2  
  101  7:19  Marine  
  101  7:22  Marine x3  
  103  7:23  Marine  
  106  7:31  SCV x2  
  106  7:34  Command Center  
  108  7:41  Marine  
  108  7:42  Marine x3  
  108  7:43  SCV x2  
  114  7:55  SCV x2  
  116  8:03  Barracks  
  116  8:04  Barracks Reactor  
  116  8:06  Barracks  
  116  8:18  Marine x4  
  116  8:19  Marauder  
  122  8:20  Siege Tank  
  125  8:36  Marine  
  126  8:43  Supply Depot  
  126  8:44  Supply Depot x2  
  126  8:45  Marine x5  
  126  8:46  Marauder, Medivac x2  
  137  8:53  Marine  
  137  9:00  Marine x2  
  139  9:03  Marine x2  
  139  9:04  Marine x3  
  139  9:07  Marauder  
  144  9:14  Marine  
  142  9:18  Marine  
  142  9:21  Marine x2  
  136  9:27  Marine x4  
  136  9:29  SCV x2, Marauder  
  144  9:50  Marauder  
  146  10:12  Marauder  
Tags
 
Composition
MMM Bio
Matchup
PvT
Replay Pack
All Mines
Spawn Locations
Cross Positions
Add a new tag
Caveats
  • Supply blocks, unpowered buildings, or Contaminate may cause inaccurate times.
  • Supply counts are checked every 10 seconds.